 Dungeon Crawl Stone Soup version 0.27-a0-1256-gced786f65e (webtiles) character file.

Game seed: 5037719398975425367

160 mordus the Digger (level 5, -7/28 HPs)
             Began as a Gargoyle Earth Elementalist on June 10, 2021.
             Mangled by a gnoll
             ... wielding a +1 vorpal flail
              (10 damage)
             ... on level 3 of the Dungeon.
             The game lasted 00:12:15 (3048 turns).

mordus the Digger (Gargoyle Earth Elementalist)     Turns: 3048, Time: 00:12:16

Health: -7/28      AC: 13    Str: 12    XL:     5   Next: 41%
Magic:  8/8        EV: 10    Int: 16    God:
Gold:   97         SH:  0    Dex: 10    Spells: 3/8 levels left

rFire    . . .     SeeInvis .   e - +1 dagger
rCold    . . .     Faith    .   (no shield)
rNeg     + . .     Spirit   .   l - +0 ring mail
rPois    ∞         Reflect  .   (no helmet)
rElec    +         Harm     .   (no cloak)
rCorr    .         Rampage  .   (no gloves)
Will     .....                  (no boots)
Stlth    +.........             d - amulet of magic regeneration
HPRegen  0.09/turn              a - +4 ring of protection
MPRegen  0.36/turn              (no ring)

@: no status effects
A: sickness immunity, AC +4, negative energy resistance 1, electricity
resistance, torment resistance 1, petrification resistance
a: no special abilities


You were on level 3 of the Dungeon.
You visited 1 branch of the dungeon, and saw 3 of its levels.

You collected 97 gold pieces.

Inventory:

Hand Weapons
 e - a +1 dagger (weapon)
Missiles
 b - 31 stones
Armour
 c - a +0 robe
 l - a +0 ring mail (worn)
Jewellery
 a - a +4 ring of protection (left hand)
 d - an amulet of magic regeneration (around neck)
Scrolls
 f - 2 scrolls of teleportation {unknown}
 h - 2 scrolls of amnesia {unknown}
 j - 2 scrolls of brand weapon {unknown}
 k - a scroll of identify {unknown}
 m - a scroll of noise {unknown}
 n - a scroll of magic mapping {unknown}
 o - a scroll of enchant weapon
Potions
 g - 2 potions of attraction {unknown}
 i - a potion of curing {unknown}


   Skills:
 + Level 2.1 Armour
 - Level 1.5 Dodging
 - Level 2.1 Stealth
 - Level 2.0 Spellcasting
 + Level 1.2 Conjurations
 + Level 1.7 Transmutations
 + Level 1.4 Fire Magic
 * Level 5.3 Earth Magic


You had 3 spell levels left.
You knew the following spells:

 Your Spells              Type           Power      Damage    Failure   Level
a - Sandblast             Erth           36%        2d10      4%          1
b - Stone Arrow           Conj/Erth      24%        3d8       34%         3
c - Foxfire               Conj/Fire      24%        2x1d5     26%         1

Your spell library contained the following spells:

 Spells                   Type           Power      Damage    Failure   Level
 Passwall                 Tmut/Erth      10%        N/A       16%         2
 Conjure Flame            Conj/Fire      6%         6-21      61%         3
 Inner Flame              Hex/Fire       3%         N/A       71%         3
 Petrify                  Tmut/Erth      12%        N/A       71%         4
 Lee's Rapid Deconstruct  Erth           9%         3d8*      80%         5
 Sticky Flame             Conj/Fire      6%         2d3       95%         4
 Fireball                 Conj/Fire      3%         3d4       100%        5
 Haunt                    Necr/Summ      0%         N/A       100%        7
 Malign Gateway           Summ/Tloc      0%         N/A       100%        7
 Monstrous Menagerie      Summ           0%         N/A       100%        7
 Summon Horrible Things   Summ           0%         N/A       100%        8


Dungeon Overview and Level Annotations

Branches:
Dungeon (3/15)

Altars:

Annotations:
D:3 1 runed translucent door, Crazy Yiuf


Innate Abilities, Weirdness & Mutations

You are immune to sickness and miasma.
Your stone body is resilient. (AC +4)
You are immune to poison.
You resist negative energy. (rN+)
You are resistant to electric shocks. (rElec)
You are resistant to unholy torment.
You are immune to petrification.


Message History

The foxfire hits the gnoll.
The gnoll is moderately wounded.
The gnoll barely misses you. The gnoll misses you.
You see here a giant cockroach corpse.
You hit the gnoll.
The gnoll is heavily wounded.
The gnoll hits you but does no damage.
You hit the gnoll.
The gnoll is almost dead.
The gnoll hits you with a +0 spear.
You hit the gnoll.
The gnoll is almost dead.
The gnoll completely misses you.
You closely miss the gnoll.
The gnoll is almost dead.
The gnoll hits you with a +0 spear.
You hit the gnoll.
You kill the gnoll!
You hit the gnoll.
The gnoll is moderately wounded.
An adder comes into view.
The gnoll closely misses you.
The adder moves out of view.
You closely miss the gnoll.
The gnoll is moderately wounded.
The gnoll hits you but does no damage.
You hit the gnoll.
The gnoll is heavily wounded.
The gnoll hits you but does no damage.
You closely miss the gnoll.
The gnoll is heavily wounded.
The gnoll hits you with a +1 vorpal flail.
You completely miss the gnoll.
The gnoll is heavily wounded.
The gnoll hits you with a +1 vorpal flail.
* * * LOW HITPOINT WARNING * * *
x2 You barely miss the gnoll.
The gnoll is heavily wounded.
The gnoll hits you with a +1 vorpal flail!
You die...

# ### # #≈# # #≈##
#########≈≈###########
.........≈≈......)...#
###.###..≈≈.####@#####
###.# #..≈≈..###g#
.[..###.≈≈≈.≈≈##g#
.....##..≈≈..≈##S#
####.##≈≈≈≈≈≈≈##.. ##
#.##.≈≈≈...###. ≈#
#.##..≈≈...# .
≈###.##..≈≈..≈# .≈
≈#.......≈≈..≈#


You could see 2 gnolls and an adder.

Vanquished Creatures
  Terence (D:2)
  Ijyb (D:3)
  2 gnolls (D:3)
  2 adders
  2 dart slugs (D:2)
  2 endoplasms (D:1)
  4 giant cockroaches
  8 goblins
  11 hobgoblins
  4 jackals (D:1)
  5 kobolds
  2 quokkas (D:1)
  A ball python (D:1)
  8 bats
  3 frilled lizards
  8 rats
64 creatures vanquished.

Vanquished Creatures (others)
  68 foxfires
68 creatures vanquished.

Grand Total: 132 creatures vanquished

Notes
Turn   | Place    | Note
-------+----------+-------------------------------------------
     0 | D:1      | mordus the Gargoyle Earth Elementalist began the quest for
                  | the Orb.
     0 | D:1      | Reached XP level 1. HP: 10/10 MP: 3/3
   166 | D:1      | Reached skill level 1 in Transmutations
   243 | D:1      | Reached skill level 4 in Earth Magic
   243 | D:1      | Reached XP level 2. HP: 15/15 MP: 0/5
   674 | D:1      | Found a faded altar of an unknown god.
   705 | D:1      | Reached skill level 1 in Armour
   853 | D:1      | Reached XP level 3. HP: 16/19 MP: 6/6
   919 | D:1      | Learned a level 3 spell: Stone Arrow
   921 | D:1      | Learned a level 1 spell: Foxfire
  1364 | D:2      | Reached XP level 4. HP: 15/24 MP: 2/7
  1642 | D:2      | Noticed Terence
  1697 | D:2      | Killed Terence
  1698 | D:2      | Reached skill level 5 in Earth Magic
  1940 | D:2      | Reached skill level 1 in Conjurations
  1940 | D:2      | Reached skill level 1 in Fire Magic
  2326 | D:3      | Noticed Ijyb
  2327 | D:3      | Paralysed by Ijyb for 2 turns
  2334 | D:3      | Paralysed by Ijyb for 7 turns
  2344 | D:3      | Paralysed by Ijyb for 4 turns
  2353 | D:3      | Killed Ijyb
  2354 | D:3      | Reached XP level 5. HP: 12/28 MP: 2/8
  2672 | D:3      | Found a runed translucent door.
  2673 | D:3      | Noticed Crazy Yiuf
  3048 | D:3      | Mangled by a gnoll

Illustrated notes

Levels and vault maps discovered:
D:1:      minmay_arrival_stone_box, layout_loops_ring, basic_ecumenical_altar
D:2:      layout_basic, st_stairs_11, nrook_loot_triangle, uniq_terence
D:3:      layout_loops_ring, serial_rivers, chequers_serial_rivers_micro_d,
          chequers_serial_rivers_small_3, chequers_serial_rivers_micro_a,
          chequers_serial_rivers_room_b, chequers_serial_rivers_large_a,
          chequers_serial_rivers_small_3, uniq_crazy_yiuf_cottage, uniq_ijyb

Skill      XL: |  1  2  3  4 |
---------------+-------------+-----
Transmutations | 1 |  1.7
Earth Magic    | 4 5 |  5.3
Armour         | 1 2 |  2.1
Conjurations   | 1 |  1.2
Fire Magic     | 1 |  1.4
Dodging        | |  1.5
Stealth        | |  2.1
Spellcasting   | |  2.0

Action                   |  1- 3 |  4- 6 || total
-------------------------+-------+-------++-------
Melee: Unarmed           |     9 |       ||     9
       Club              |    11 |       ||    11
       Dagger            |    22 |    50 ||    72
 Cast: Sandblast         |    50 |    14 ||    64
       Foxfire           |       |    41 ||    41
  Use: Scroll            |     2 |       ||     2
 Stab: Sleeping          |     1 |     2 ||     3
Armor: Robe              |    24 |    23 ||    47
       Ring mail         |       |    19 ||    19
Dodge: Dodged            |    44 |    65 ||   109

Table legend: (Time is in decaauts)
 A = Elapsed time spent in this place.
 B = Non-inter-level travel time spent in this place.
 C = Inter-level travel time spent in this place.
 D = Time resting spent in this place.
 E = Time spent auto-exploring this place.
 F = Levels seen in this place.
 G = Mean time per level.
                   A        B        C        D        E       F      G
               +--------+--------+--------+--------+--------+-----+--------+
         Total |   3055 |   3013 |     42 |    181 |   2231 |   3 | 1018.3 |
       Dungeon |   3055 |   3013 |     42 |    181 |   2231 |   3 | 1018.3 |
               +--------+--------+--------+--------+--------+-----+--------+

Top non-repeatable levels by time:
     D:1: 1344 daAuts
     D:2: 914 daAuts
     D:3: 797 daAuts
